 Dungeon Crawl Stone Soup version 0.28-a0-1080-g05a166d0ed (webtiles) character file.

Game seed: 13523094371822689417

81 ytrimaz the Insei (level 4, 0/29 HPs)
             Began as an Octopode Transmuter on Dec 9, 2021.
             Was an Initiate of Ashenzari.
             Slain by Grinder (1 damage)
             ... while paralysed by Grinder
             ... on level 3 of the Dungeon.
             The game lasted 00:02:31 (2063 turns).

ytrimaz the Insei (Octopode Transmuter)             Turns: 2063, Time: 00:02:32

Health: 0/29       AC:  1    Str:  9    XL:     4   Next: 40%
Magic:  7/7        EV:  2    Int: 17    God:    Ashenzari [......]
Gold:   55         SH:  0    Dex: 12    Spells: 4/8 levels left

rFire   . . .      SeeInvis .     - Unarmed
rCold   . . .      Faith    .   (no shield)
rNeg    . . .      Spirit   .   (helmet restricted)
rPois   .          Reflect  .   (no amulet)
rElec   .          Harm     .   (no ring)
rCorr   .          Rampage  .   (no ring)
Will    .....                   (no ring)
Stlth   ++........              (no ring)
HPRegen 0.09/turn               (no ring)
MPRegen 0.10/turn               (no ring)
                                (no ring)
                                (no ring)

@: paralysed
A: almost no armour, amphibious, 8 rings, camouflage 1, gelatinous body 1,
(nimble swimmer 1), tentacles
a: Renounce Religion, Curse Item


You were on level 3 of the Dungeon.
You worshipped Ashenzari.
Ashenzari was noncommittal.
You visited 1 branch of the dungeon, and saw 3 of its levels.

You collected 55 gold pieces.

Inventory:

Scrolls
 a - 2 scrolls of fear
 b - a scroll of blinking {unknown}
 d - a scroll of identify {unknown}
 e - a scroll of amnesia {unknown}
 f - a scroll of summoning {unknown}
 g - a scroll of holy word {unknown}


   Skills:
 * Level 1.8 Fighting
 - Level 2.0 Dodging
 + Level 4.1 Unarmed Combat
 * Level 2.5 Spellcasting
 * Level 2.4 Transmutations


You had 4 spell levels left.
You knew the following spells:

 Your Spells              Type           Power      Damage    Failure   Level
a - Beastly Appendage     Tmut           20%        N/A       7%          1
b - Spider Form           Tmut/Pois      6%         N/A       32%         3

Your spell library contained the following spells:

 Spells                   Type           Power      Damage    Failure   Level
 Wereblood                Tmut           10%        N/A       10%         2
 Ice Form                 Ice/Tmut       6%         N/A       73%         4


Dungeon Overview and Level Annotations

Branches:
Dungeon (3/15)

Altars:
Ashenzari
Trog

Annotations:
D:3 Grinder


Innate Abilities, Weirdness & Mutations

You cannot wear most types of armour.
You are amphibious.
You can wear up to eight rings at the same time.
Your skin changes colour to match your surroundings (Stealth+).
Your rubbery body absorbs attacks. (AC +1, EV +1)
((You are camouflaged near water. (Stealth+)))
You have tentacles for arms and can constrict up to eight enemies at once.


Message History

The giant cockroach is almost dead.
You constrict the giant cockroach.
You kill the giant cockroach!
You see here a giant cockroach corpse.
g - a scroll labelled ZUWOSTRUZUFI You see here a giant cockroach corpse.
Found a stone staircase leading down.
A frilled lizard comes into view.
You see here a viscous green potion.
A frilled lizard is nearby!
A frilled lizard is nearby!
A frilled lizard is nearby!
h - a viscous green potion You closely miss the frilled lizard.
Your grab misses the frilled lizard. The frilled lizard misses you.
You tentacle-slap the frilled lizard.
You kill the frilled lizard!
You see here a frilled lizard corpse.
Grinder comes into view.
Grinder shouts!
Grinder is nearby!
Grinder is nearby!
You see here a frilled lizard corpse.
Grinder blinks!
Grinder says, "I used to sell toenails on the black market."
Unknown command.
It was a potion of curing.
You feel better.
As you read the scroll of teleportation, it crumbles to dust.
You feel strangely unstable.
Your surroundings seem slightly different.
Grinder gestures at you.
You suddenly lose the ability to move!
Grinder hits you.
You writhe in agony.
Grinder hits you.
You writhe in agony.
Grinder hits you!
* * * LOW HITPOINT WARNING * * *
You writhe in agony.
* * * LOW HITPOINT WARNING * * *
Grinder hits you.
You die...

≈≈≈≈ #.#.#
≈≈≈≈≈≈≈≈≈≈≈#...# ≈
≈.≈≈≈.≈≈≈. #.#.# #≈
#≈≈ #≈≈≈ #.#.# ##.
##.###.####.#.#
#...#...#...#...#.#
................#.#
................#.#
........†.....5@#.#
................#
#...#...#...#...#
##. ##.###.####...#
#≈≈ #≈≈≈# #...#
≈.≈≈≈.≈≈≈≈.#..>#
≈≈≈≈≈≈≈≈≈P..#.###
≈≈≈P.≈≈≈P...#.# .#


You could see Grinder.

Vanquished Creatures
  2 adders (D:2)
  3 dart slugs (D:2)
  6 bats
  6 endoplasms
  3 giant cockroaches
  6 goblins
  2 hobgoblins
  8 jackals
  2 kobolds
  4 quokkas
  A ball python (D:1)
  2 frilled lizards
  5 rats
50 creatures vanquished.

Notes
Turn   | Place    | Note
-------+----------+-------------------------------------------
     0 | D:1      | ytrimaz the Octopode Transmuter began the quest for the
                  | Orb.
     0 | D:1      | Reached XP level 1. HP: 13/13 MP: 3/3
     2 | D:1      | Found a faded altar of an unknown god.
    11 | D:1      | Prayed at the altar of an unknown god.
    11 | D:1      | Became a worshipper of Ashenzari the Shackled
    41 | D:1      | Reached XP level 2. HP: 7/18 MP: 5/5
   575 | D:1      | Reached XP level 3. HP: 23/23 MP: 6/6
   751 | D:2      | Found a bloodstained altar of Trog.
  1411 | D:2      | Reached XP level 4. HP: 20/29 MP: 5/7
  1418 | D:2      | Reached skill level 4 in Unarmed Combat
  1434 | D:2      | Learned a level 3 spell: Spider Form
  2048 | D:3      | Noticed Grinder
  2058 | D:3      | Paralysed by Grinder for 7 turns
  2062 | D:3      | HP: 1/29 [Grinder (3)]
  2063 | D:3      | Slain by Grinder

Illustrated notes

Levels and vault maps discovered:
D:1:      dpeg_arrival_orchard, layout_basic, basic_ecumenical_altar
D:2:      layout_basic, basic_altar
D:3:      wad_lake_hut, layout_basic, uniq_grinder

Skill      XL: |  1  2  3  4 |
---------------+-------------+-----
Unarmed Combat | 4 |  4.1
Fighting       | |  1.8
Dodging        | |  2.0
Spellcasting   | |  2.5
Transmutations | |  2.4

Action                   |  1- 3 |  4- 6 || total
-------------------------+-------+-------++-------
Melee: Unarmed           |   107 |    26 ||   133
       Constrict         |    24 |     6 ||    30
       Tentacles         |    12 |     3 ||    15
       Kick              |     4 |     1 ||     5
       Punch             |     2 |     1 ||     3
 Cast: Beastly Appendage |     2 |       ||     2
  Use: Scroll            |     3 |     1 ||     4
       Potion            |       |     1 ||     1
 Stab: Sleeping          |     3 |       ||     3
Armor: Skin              |    11 |     1 ||    12
Dodge: Dodged            |    76 |     9 ||    85

Table legend: (Time is in decaauts)
 A = Elapsed time spent in this place.
 B = Non-inter-level travel time spent in this place.
 C = Inter-level travel time spent in this place.
 D = Time resting spent in this place.
 E = Time spent auto-exploring this place.
 F = Levels seen in this place.
 G = Mean time per level.
                   A        B        C        D        E       F      G
               +--------+--------+--------+--------+--------+-----+--------+
         Total |   2053 |   2030 |     23 |    199 |   1353 |   3 |  684.3 |
       Dungeon |   2053 |   2030 |     23 |    199 |   1353 |   3 |  684.3 |
               +--------+--------+--------+--------+--------+-----+--------+

Top non-repeatable levels by time:
     D:2: 1152 daAuts
     D:1: 740 daAuts
     D:3: 160 daAuts
